[Event "Late-Titled-Tuesday-Blitz-April-16-2024"]
[Site "Chess.com"]
[Date "2024.04.16"]
[Round "4"]
[White "DonJuanEGenaro"]
[Black "prochn"]
[Result "0-1"]
[WhiteElo "1995"]
[BlackElo "2433"]
[TimeControl "180+1"]
[EndTime "14:36:10 PDT"]
[Termination "prochn won by checkmate"]

1. d4 d5 2. c4 c6 3. cxd5 cxd5 4. Nf3 Nf6 5. Nc3 Nc6 6. Bf4 a6 7. a3 Bf5 8. e3 e6 9. Be2 Be7 10. h3 O-O 11. Ne5 Rc8 12. g4 Bg6 13. h4 h6 14.
Nxg6 fxg6 15. Qc2 Ne4 16. Nxe4 dxe4 17. Qxe4 e5 18. dxe5 Qa5+ 19. Kf1 Rce8 20. Kg2 Bd8 21. Qxg6 Nxe5 22. Bxe5 Qxe5 23. Bd3 Rf6 24. Qh7+ Kf8 25.
Bc4 Rxf2+ 26. Kxf2 Qxe3+ 27. Kg2 Qd2+ 28. Kg1 Bb6+ 29.
Kf1 Qf2# 0-1

[Event "Late-Titled-Tuesday-Blitz-April-16-2024"]
[Site "Chess.com"]
[Date "2024.04.16"]
[Round "4"]
[White "PhileKhoob"]
[Black "Slovineanu"]
[Result "0-1"]
[WhiteElo "2299"]
[BlackElo "2496"]
[TimeControl "180+1"]
[EndTime "14:36:11 PDT"]
[Termination "Slovineanu won by resignation"]

1. Nf3 Nf6 2. g3 d5 3. Bg2 Nbd7 4. c4 c6 5. d4 dxc4 6. a4 a5 7. Na3 Nb6 8. O-O g6 9. Ne5 Bg7 10. Naxc4 Nxc4 11. Nxc4 O-O 12. Ne5 Be6 13. e4 Nd7 14. Nf3 Bc4 15. Re1 e5 16. b3 Ba6 17. Bb2 Re8 18. Qc2 exd4 19. Nxd4 Ne5 20. Rad1 Nd3 21.
Rxd3 Bxd3 22. Qc5 b6 23. Qc3 c5 24. Qxd3 Bxd4 25. Bxd4 Qxd4 26. Qb5 Qb4 27. Qd7 Qxe1+ 28.
Bf1 Rad8 29. Qc6 Qxe4 30. Qxb6 Rd1 31. Qb5 c4 32. b4 0-1

[Event "Late-Titled-Tuesday-Blitz-April-16-2024"]
[Site "Chess.com"]
[Date "2024.04.16"]
[Round "4"]
[White "only_strong_moves"]
[Black "1g60-1"]
[Result "1-0"]
[WhiteElo "2676"]
[BlackElo "2440"]
[TimeControl "180+1"]
[EndTime "14:36:14 PDT"]
[Termination "only_strong_moves won by resignation"]

1. Nc3 e6 2. e4 d5 3. d4 Bb4 4.
exd5 exd5 5. Bd3 Ne7 6. Ne2 Nbc6 7. O-O Bg4 8. f3 Bh5 9. Nf4 Bg6 10. Nxg6 hxg6 11.
Ne2 Bd6 12. Bf4 Bxf4 13. Nxf4 Qd6 14. g3 Nxd4 15. Bxg6 Qb6 16. Bxf7+ Kxf7 17. Kg2 Qxb2 18. Rf2 c6 19. Rb1 Qc3 20. Rd2 Nxf3 21. Rd3 Rxh2+ 22. Kxf3 Qxc2 23. Qe1 g5 24. Qe6+ Ke8 25. Rxb7 Rh7 26.
Re3 Qd1+ 27. Re2 Qf1+ 28. Kg4 Rh4+ 29. Kxg5 1-0

[Event "Late-Titled-Tuesday-Blitz-April-16-2024"]
[Site "Chess.com"]
[Date "2024.04.16"]
[Round "4"]
[White "LyonBeast"]
[Black "temus_galaktionov"]
[Result "1-0"]
[WhiteElo "3134"]
[BlackElo "2866"]
[TimeControl "180+1"]
[EndTime "14:36:15 PDT"]
[Termination "LyonBeast won by resignation"]

1. c4 c6 2. Nf3 g6 3. d4 Bg7 4. e4 d6 5. Nc3 Nd7 6. Be2 e5 7.
O-O Ngf6 8. Re1 O-O 9. Be3 Qe7 10. d5 c5 11. Nd2 Ne8 12. a3 f5 13. f3 f4 14. Bf2 b6 15. b4 g5 16. Qa4 Ndf6 17. Reb1 h5 18. bxc5 dxc5 19. Qd1 Nd6 20. a4 Nb7 21. a5 Nxa5 22. Rxa5 bxa5 23. Nb3 Nd7 24. d6 Qe6 25. Nxc5 Nxc5 26. Bxc5 Bd7 27. Nd5 Rab8 28. Ba3 g4 29. c5 Kh8 30. Rc1 gxf3 31. Bxf3 Rbc8 32.
Bxh5 Bf6 33. Bg6 Kg7 34. Bf5 Qf7 35. Qg4+ Kh8 36. Bxd7 Qxd7 37. Qxd7 1-0

[Event "Late-Titled-Tuesday-Blitz-April-16-2024"]
[Site "Chess.com"]
[Date "2024.04.16"]
[Round "4"]
[White "Fjal"]
[Black "Janh4"]
[Result "0-1"]
[WhiteElo "2305"]
[BlackElo "2161"]
[TimeControl "180+1"]
[EndTime "14:36:17 PDT"]
[Termination "Janh4 won by resignation"]

1. Nf3 d5 2. g3 Nf6 3. Bg2 e6 4. O-O Be7 5. d3 O-O 6. Nbd2 b6 7. e4 Bb7 8. e5 Nfd7 9. Re1 c5 10. h4 Nc6 11.
Nf1 Qe8 12. N1h2 f6 13. exf6 Bxf6 14. c3 Nce5 15. Ng5 h6 16. Nxe6 Qxe6 17. d4 Qd6 18.
dxe5 Bxe5 19. Ng4 Rae8 20. c4 Bd4 21. Bf4 Rxe1+ 22. Qxe1 Qg6 23. Ne3 dxc4 24. Bxb7 Rxf4 25. Qe2 Ne5 26. Kg2 Nd3 27. Rf1 Rf7 28. Qg4 Qxg4 29.
Nxg4 Rxb7 30. b3 c3 0-1

[Event "Late-Titled-Tuesday-Blitz-April-16-2024"]
[Site "Chess.com"]
[Date "2024.04.16"]
[Round "4"]
[White "SchmakAttack"]
[Black "Oleksandr_Bortnyk"]
[Result "0-1"]
[WhiteElo "2831"]
[BlackElo "3064"]
[TimeControl "180+1"]
[EndTime "14:36:18 PDT"]
[Termination "Oleksandr_Bortnyk won by resignation"]

1. e4 Nf6 2. e5 Nd5 3. c4 Nb6 4.
a4 a5 5. Ra3 e6 6. Rg3 Nc6 7. Nf3 d6 8. exd6 Bxd6 9. Rxg7 Qf6 10.
Rg5 h6 11. Rh5 Qg6 12. c5 Qxh5 13. cxd6 cxd6 14. Nc3 Bd7 15. d4 Nb4 16. Bb5 Rg8 17.
O-O Qg4 18. g3 Rc8 19. Kg2 N6d5 20. Bxd7+ Kxd7 21. Bd2 Nxc3 22. bxc3 Nd5 23. Qb3 Rxc3 24. Qxb7+ Rc7 25. Qb5+ Ke7 26. Re1 Nf4+ 27. Bxf4 Qxf4 28. Qxa5 Rc2 29. Qa7+ Kf6 30. Qb6 h5 31. h4 Qxg3+ 0-1

[Event "Late-Titled-Tuesday-Blitz-April-16-2024"]
[Site "Chess.com"]
[Date "2024.04.16"]
[Round "4"]
[White "dasatcu90"]
[Black "cansun"]
[Result "1-0"]
[WhiteElo "2177"]
[BlackElo "2352"]
[TimeControl "180+1"]
[EndTime "14:36:21 PDT"]
[Termination "dasatcu90 won by resignation"]

1. d4 Nf6 2. Nf3 e6 3. e3 b6 4. Bd3 Bb7 5. c4 c5 6. Nc3 cxd4 7. exd4 d5 8. O-O Be7 9. b3 O-O 10. Be3 Nc6 11. Rc1 Rc8 12. Re1 Bb4 13. Bb1 Ne7 14.
Ne5 Ng6 15. Nxg6 hxg6 16. Bd3 Ba6 17. Qe2 dxc4 18. bxc4 Nd5 19. cxd5 Bxc3 20. Bxa6 Bxe1 21. Rxc8 Qxd5 22. Rxf8+ Kxf8 23. Qxe1 Qxa2 24. Bf1 Qb3 25. Qc1 Qb5 26. Bxb5 1-0

[Event "Late-Titled-Tuesday-Blitz-April-16-2024"]
[Site "Chess.com"]
[Date "2024.04.16"]
[Round "4"]
[White "PNEPaul"]
[Black "Rainbow2014"]
[Result "0-1"]
[WhiteElo "1862"]
[BlackElo "2429"]
[TimeControl "180+1"]
[EndTime "14:36:25 PDT"]
[Termination "Rainbow2014 won by resignation"]

1. e4 c5 2. d4 cxd4 3. c3 d3 4. Bxd3 Nc6 5. Nf3 d6 6. Bc4 e6 7.
O-O Nf6 8. Qe2 Be7 9. Rd1 Qc7 10. Na3 a6 11. Bg5 O-O 12. Rac1 b5 13. Bd3 h6 14.
Bh4 Bb7 15. Bb1 Ne5 16. Nd4 Rac8 17. f4 Ng6 18. Bg3 Rfe8 19. h4 Nf8 20. Nac2 Bxe4 21.
Ne3 Bxb1 22. Rxb1 Ne4 23. Bh2 Bxh4 24. Ng4 Nf6 25. Nxf6+ Bxf6 26. f5 e5 27. Nf3 Qc5+ 28.
Kh1 Nd7 29. g4 Be7 30. Bg1 Qc4 31. Qg2 Nf6 32. Nh2 Qc6 33. Be3 Qxg2+ 34. Kxg2 d5 35. g5 hxg5 36. Bxg5 Rcd8 37. Nf3 Ne4 38. Bxe7 Rxe7 0-1

[Event "Late-Titled-Tuesday-Blitz-April-16-2024"]
[Site "Chess.com"]
[Date "2024.04.16"]
[Round "4"]
[White "ansko1999"]
[Black "IsaqueGoncalvesSanto"]
[Result "1-0"]
[WhiteElo "2574"]
[BlackElo "1877"]
[TimeControl "180+1"]
[EndTime "14:36:27 PDT"]
[Termination "ansko1999 won on time"]

1. c4 e6 2. d4 d5 3. Nc3 c6 4. e4 dxe4 5. Nxe4 Bb4+ 6. Bd2 Qxd4 7. Bxb4 Qxe4+ 8. Be2 Qxg2 9. Bf3 Qg6 10. Qd6 Nd7 11. O-O-O c5 12. Bxc5 Qg5+ 13. Be3 Qe7 14. Qg3 f6 15. Ne2 Ne5 16. Nd4 Nxc4 17. Nb5 e5 18. Bh5+ g6 19. Bxg6+ hxg6 20. Qxg6+ Kf8 21. Bc5 Nd6 22. Bxd6 1-0

[Event "Late-Titled-Tuesday-Blitz-April-16-2024"]
[Site "Chess.com"]
[Date "2024.04.16"]
[Round "4"]
[White "Durarbayli"]
[Black "EddieMarsalla"]
[Result "1-0"]
[WhiteElo "2887"]
[BlackElo "2583"]
[TimeControl "180+1"]
[EndTime "14:36:29 PDT"]
[Termination "Durarbayli won by resignation"]

1. e4 c5 2. Nf3 Nc6 3. Nc3 g6 4. d4 cxd4 5. Nxd4 Bg7 6. Be3 Nf6 7. Bc4 O-O 8. Bb3 a5 9. O-O a4 10. Nxa4 Nxe4 11. Nb5 Ra6 12. Qe2 d6 13. Rad1 Bd7 14. c4 Qb8 15. Nb6 Be6 16. Nd5 Bxd5 17. cxd5 Ne5 18. Ba7 Rxa7 19. Nxa7 Nxf2 20. Qxf2 Ng4 21.
Qb6 Bh6 22. Rde1 Bd2 23. Re2 Bg5 24. Nb5 Rc8 25. h3 Ne5 26. Nc3 Rc5 27. Rxe5 Rc4 1-0

[Event "Late-Titled-Tuesday-Blitz-April-16-2024"]
[Site "Chess.com"]
[Date "2024.04.16"]
[Round "4"]
[White "kleinebeer98"]
[Black "Kostukov_Alex"]
[Result "1/2-1/2"]
[WhiteElo "2872"]
[BlackElo "2329"]
[TimeControl "180+1"]
[EndTime "14:36:32 PDT"]
[Termination "Game drawn by repetition"]

1. e4 c5 2. Nf3 g6 3. d4 cxd4 4. Nxd4 Bg7 5. Nc3 Nc6 6. Nf3 Nf6 7. Bc4 O-O 8. h3 d6 9. O-O Bd7 10. Bg5 Rc8 11. Qe2 Qa5 12. Rad1 Ne5 13. Nxe5 Qxe5 14. Bh4 b5 15. Bg3 Qc5 16. Bb3 b4 17. Nd5 Nxd5 18.
Rxd5 Qb6 19. e5 Bc6 20. exd6 Bxd5 21. dxe7 Rfe8 22. Bxd5 Bf6 23. Qf3 Rxe7 24. Bb3 Rce8 25. Qd5 Bxb2 26. Kh2 Be5 27. Bxe5 Rxe5 28. Qxf7+ Kh8 29.
Rd1 R5e7 30. Qf3 Qc7+ 31. g3 Kg7 32. Kg2 Rf8 33. Qd3 Qc6+ 34. Bd5 Qc5 35. Rd2 Rd7 36. Qe4 Rfd8 37. Qe5+ Kh6 38. Qf4+ Kg7 39. Qe5+ Kh6 40. c4 bxc3 41. Qf4+ Kg7 42. Qe5+ Kh6 43.
Qf4+ Kg7 44. Qe5+ Kh6 1/2-1/2

[Event "Late-Titled-Tuesday-Blitz-April-16-2024"]
[Site "Chess.com"]
[Date "2024.04.16"]
[Round "4"]
[White "ReadySkate"]
[Black "sergiochess83"]
[Result "1/2-1/2"]
[WhiteElo "2617"]
[BlackElo "2944"]
[TimeControl "180+1"]
[EndTime "14:36:33 PDT"]
[Termination "Game drawn by agreement"]

1. d4 Nf6 2. c4 g6 3. Nc3 d5 4. Nf3 Bg7 5. Qb3 dxc4 6. Qxc4 O-O 7. e4 Na6 8. Be2 c5 9. d5 e6 10. O-O exd5 11. exd5 Bf5 12. h3 Re8 13. Bg5 h6 14. Be3 Ne4 15. Rad1 Qb6 16. Na4 Qb4 17. Qxb4 Nxb4 18.
Bb5 Red8 19. Nxc5 Rxd5 20. Nxe4 Bxe4 21. Bc4 Rxd1 22. Rxd1 Rc8 23. Bb3 Bc2 24. Rc1 Bxb2 25. Re1 Bxb3 26. axb3 a5 27. Bxh6 b5 28. Bd2 Bc3 29.
Bxc3 Rxc3 30. Nd4 Nc2 31. Re8+ Kg7 32. Nxc2 Rxc2 33. Re5 a4 34. Rxb5 a3 35. Ra5 a2 36.
Kh2 Rxf2 37. b4 Rb2 38. b5 Rxb5 39. Rxa2 Rb6 1/2-1/2

[Event "Late-Titled-Tuesday-Blitz-April-16-2024"]
[Site "Chess.com"]
[Date "2024.04.16"]
[Round "4"]
[White "Veleamater"]
[Black "Flawless_Fighter"]
[Result "0-1"]
[WhiteElo "2424"]
[BlackElo "2760"]
[TimeControl "180+1"]
[EndTime "14:36:34 PDT"]
[Termination "Flawless_Fighter won by resignation"]

1. g3 d5 2. Bg2 Nf6 3. d3 b6 4. Nf3 Bb7 5. O-O e6 6. Nc3 Be7 7. h3 O-O 8. g4 c5 9. Nd2 Nc6 10. e4 dxe4 11. dxe4 e5 12. g5 Nd7 13. h4 f6 14. Nf3 Nd4 15. Nxd4 exd4 16. Nd5 fxg5 17. Nxe7+ Qxe7 18. Bxg5 Nf6 19. f3 h6 20. Bd2 Nh5 21. Qe1 Rf7 22. f4 Raf8 23. f5 Re8 24. Qd1 Ng3 25.
Qg4 Nxf1 26. Rxf1 Rf6 27. e5 Rf7 28. e6 Rf6 29. Bxb7 Qxb7 30. Bg5 hxg5 31. hxg5 Rfxe6 32. fxe6 Qe7 33. Re1 Rf8 34. Kg2 g6 35. Kg3 Rf5 36. Kh4 c4 37. Re4 d3 38. cxd3 cxd3 39. Rf4 Rxf4 40. Qxf4 Qxe6 41. Qb8+ Kg7 42. Qc7+ Qf7 43. Qe5+ Kh7 44. Qd4 Qf5 45. Qd6 Qe4+ 46. Kg3 Qe3+ 47. Kg4 Qe2+ 48. Kf4 Qh2+ 0-1

[Event "Late-Titled-Tuesday-Blitz-April-16-2024"]
[Site "Chess.com"]
[Date "2024.04.16"]
[Round "4"]
[White "expii"]
[Black "Akhayan"]
[Result "0-1"]
[WhiteElo "2215"]
[BlackElo "2400"]
[TimeControl "180+1"]
[EndTime "14:36:34 PDT"]
[Termination "Akhayan won on time"]

1. e4 e5 2. Nf3 Nc6 3. Bb5 a6 4. Ba4 Nf6 5. d4 exd4 6. O-O b5 7. Bb3 Be7 8. e5 Ne4 9. Nxd4 Nc5 10. Nxc6 dxc6 11. Qxd8+ Bxd8 12. Be3 Nxb3 13. axb3 O-O 14. Nc3 Be7 15. Rad1 Bf5 16. Rd2 h6 17. Ne2 c5 18.
b4 cxb4 19. Nd4 Be6 20. Nxe6 fxe6 21. Rd7 Bg5 22. Bxg5 hxg5 23. Rxc7 Rac8 24. Ra7 Rxc2 25. Rxa6 Kf7 26. Rb6 Rxb2 27. Rxb5 Rd8 28. f4 Rdd2 29. fxg5+ Kg6 30. Rc1 Rxg2+ 31. Kf1 Rxh2 32. Kg1 Rbg2+ 33. Kf1 Rh1+ 34. Kxg2 Rxc1 35. Rxb4 Kxg5 36. Rb7 g6 37. Rf7 Rc5 38. Kf3 Rxe5 39. Re7 Kf6 40. Re8 Ra5 41.
Rf8+ Kg7 42. Re8 Kf7 0-1

[Event "Late-Titled-Tuesday-Blitz-April-16-2024"]
[Site "Chess.com"]
[Date "2024.04.16"]
[Round "4"]
[White "JoakimVonAnd"]
[Black "Licancabur"]
[Result "1-0"]
[WhiteElo "2692"]
[BlackElo "2454"]
[TimeControl "180+1"]
[EndTime "14:36:37 PDT"]
[Termination "JoakimVonAnd won on time"]

1. d4 d5 2. Nf3 Nf6 3. g3 Bg4 4.
Bg2 e6 5. O-O Nbd7 6. c4 c6 7.
Nc3 Be7 8. h3 Bh5 9. cxd5 exd5 10.
Ne5 Nxe5 11. dxe5 Nd7 12. f4 Qb6+ 13. Kh2 f5 14. exf6 Nxf6 15. g4 Bxg4 16. hxg4 Nxg4+ 17. Kg3 h5 18. Qd3 O-O-O 19. Bh3 Rdf8 20. Be3 Qd8 21. Bxa7 g6 22. Rac1 Rf5 23. e4 dxe4 24. Qxe4 Qd2 25. Qe6+ Qd7 26. Qxd7+ Kxd7 27. Rcd1+ Ke8 28. Rfe1 Kf7 29.
Rd7 Re8 30. Ne4 1-0

[Event "Late-Titled-Tuesday-Blitz-April-16-2024"]
[Site "Chess.com"]
[Date "2024.04.16"]
[Round "4"]
[White "Andrii_Prydun"]
[Black "Orest_Vovk"]
[Result "0-1"]
[WhiteElo "2352"]
[BlackElo "2545"]
[TimeControl "180+1"]
[EndTime "14:36:40 PDT"]
[Termination "Orest_Vovk won on time"]

1. e4 g5 2. d4 g4 3. Qxg4 d5 4. Qe2 dxe4 5. Qxe4 Nf6 6. Qd3 Nc6 7. Nf3 Bg4 8. c3 Qd5 9. h3 Bxf3 10. Qxf3 Qxf3 11. gxf3 e5 12. Bb5 exd4 13. cxd4 O-O-O 14. Bxc6 bxc6 15. Nc3 Bb4 16. Be3 Nd5 17. O-O-O Bxc3 18. bxc3 Nxc3 19. Rd2 Nd5 20. Rc2 Kd7 21. Kd2 Rb8 22. Rg1 Rhg8 23. Rg4 Rxg4 24. fxg4 f5 25. gxf5 Rf8 26. Rb2 Rxf5 27. Rb3 Rf3 28. Ra3 Rxh3 29. Rxa7 h5 30. Ra8 h4 31. Rh8 Rh1 32. a4 h3 33. a5 h2 34. a6 Nxe3 35. fxe3 Ra1 36. Rh7+ Ke6 37. a7 Rxa7 38. Rh6+ Kd5 39. Kd3 Ra3+ 40. Kd2 Ke4 41. Rh4+ Kf3 0-1

[Event "Late-Titled-Tuesday-Blitz-April-16-2024"]
[Site "Chess.com"]
[Date "2024.04.16"]
[Round "4"]
[White "a-z30"]
[Black "Josetricks"]
[Result "1/2-1/2"]
[WhiteElo "2393"]
[BlackElo "2641"]
[TimeControl "180+1"]
[EndTime "14:36:41 PDT"]
[Termination "Game drawn by repetition"]

1. d3 g6 2. Nf3 Bg7 3. g3 d5 4.
Bg2 Nf6 5. O-O O-O 6. c4 c6 7. cxd5 cxd5 8. Nc3 Nc6 9. Bf4 a6 10.
Ne5 Nxe5 11. Bxe5 d4 12. Bxf6 Bxf6 13. Ne4 Bg7 14. Nc5 Qb6 15. b4 Qxb4 16. Nxb7 Rb8 17.
Rb1 Qa3 18. Qb3 Qxb3 19. Rxb3 Bxb7 20. Bxb7 a5 21. Rfb1 Be5 22. Rb5 Bc7 23. Rc1 Bd8 24.
Ba6 Rxb5 25. Bxb5 Kg7 26. Rc6 e5 27. Bc4 Be7 28. Rc7 Bb4 29. Kg2 h5 30. h4 Kf6 31. Rc6+ Kg7 32. Rc7 Kf6 33. Rc6+ Kg7 34. Rc7 1/2-1/2

[Event "Late-Titled-Tuesday-Blitz-April-16-2024"]
[Site "Chess.com"]
[Date "2024.04.16"]
[Round "4"]
[White "Revan_2002"]
[Black "MrTattaglia"]
[Result "0-1"]
[WhiteElo "2726"]
[BlackElo "2961"]
[TimeControl "180+1"]
[EndTime "14:36:42 PDT"]
[Termination "MrTattaglia won by resignation"]

1. d4 e6 2. c4 f5 3. Nc3 Nf6 4. Nf3 g6 5. g3 Bg7 6. Bg2 O-O 7. O-O d6 8. b3 Qe8 9. Bb2 c6 10. Rc1 Na6 11. Re1 Ne4 12. e3 h6 13. Nd2 d5 14.
Ndxe4 fxe4 15. Ba3 Rf7 16. b4 Nc7 17. Qb3 a6 18.
Bb2 Qf8 19. Rf1 Ne8 20. a4 Nd6 21. cxd5 exd5 22. b5 axb5 23. axb5 Nc4 24. bxc6 bxc6 25. Nxe4 Rb7 26. Qc3 Rxb2 27. Nc5 Raa2 28. Nd3 Ra3 29. Qxc4 dxc4 30. Nxb2 c3 31. Nc4 Ba6 32. Nxa3 Bxf1 33. Rxc3 Bxg2 34. Kxg2 Qb4 35. Rd3 c5 36. dxc5 Qe4+ 0-1

[Event "Late-Titled-Tuesday-Blitz-April-16-2024"]
[Site "Chess.com"]
[Date "2024.04.16"]
[Round "4"]
[White "th3d4rkness"]
[Black "IsuruAlahakoon"]
[Result "0-1"]
[WhiteElo "2144"]
[BlackElo "2439"]
[TimeControl "180+1"]
[EndTime "14:36:45 PDT"]
[Termination "IsuruAlahakoon won by checkmate"]

1. e4 d5 2. exd5 Qxd5 3. Nc3 Qa5 4. Bc4 Nf6 5. Nge2 Bg4 6. f3 Bh5 7. Ng3 Bg6 8. d3 Nc6 9. O-O O-O-O 10. a3 e6 11. Kh1 Bd6 12. Nge4 Nxe4 13. Nxe4 Bxe4 14. fxe4 g5 15. Qh5 Ne5 16. Ba2 h6 17. b4 Qa6 18.
Bb2 Rh7 19. Bb3 Ng6 20. g3 Be5 21. Bxe5 Nxe5 22. Qe2 g4 23. a4 h5 24. b5 Qd6 25.
a5 h4 26. Kg2 Rdh8 27. Rh1 Qd4 28. Raf1 h3# 0-1

[Event "Late-Titled-Tuesday-Blitz-April-16-2024"]
[Site "Chess.com"]
[Date "2024.04.16"]
[Round "4"]
[White "ContrVersia"]
[Black "ozates"]
[Result "1-0"]
[WhiteElo "2863"]
[BlackElo "2529"]
[TimeControl "180+1"]
[EndTime "14:36:46 PDT"]
[Termination "ContrVersia won on time"]

1. e4 c5 2. Nf3 Nc6 3. Bb5 g6 4.
Bxc6 bxc6 5. O-O Bg7 6. Re1 Nh6 7. c3 O-O 8. d4 cxd4 9. cxd4 d5 10. e5 f6 11. exf6 exf6 12. Nbd2 g5 13. Qc2 Bd7 14. Nb3 g4 15. Bxh6 Bxh6 16. Nfd2 f5 17. Nc5 Rf7 18. Nxd7 Qxd7 19. Nb3 f4 20. Nc5 Qd8 21. Nd3 Qh4 22. Qxc6 Raf8 23. g3 Qh3 24. Nxf4 Bxf4 25. gxf4 Rxf4 26.
Qxd5+ Kh8 27. Re2 R4f5 28. Qg2 Qd3 29. Rae1 Qxd4 30. b3 h5 31. Qg3 Qf6 32. Re8 Rf3 33.
Qe5 Qxe5 34. Rxf8+ Rxf8 35. Rxe5 1-0

[Event "Late-Titled-Tuesday-Blitz-April-16-2024"]
[Site "Chess.com"]
[Date "2024.04.16"]
[Round "4"]
[White "DanielNaroditsky"]
[Black "alexrustemov"]
[Result "1-0"]
[WhiteElo "3127"]
[BlackElo "2854"]
[TimeControl "180+1"]
[EndTime "14:36:47 PDT"]
[Termination "DanielNaroditsky won by resignation"]

1. e4 e6 2. d4 d5 3. e5 c5 4. Nf3 cxd4 5. Bd3 Nc6 6. O-O Bc5 7. Nbd2 Nge7 8. Nb3 Bb6 9. Re1 h6 10. a4 Bd7 11. a5 Nxa5 12. Nbxd4 a6 13. c3 Nac6 14. Be3 Bc7 15. Nxc6 Nxc6 16. Bc5 Bb6 17.
Bd6 Bc7 18. Ba3 Ne7 19. Nd4 O-O 20. Qg4 Re8 21. Re3 Nf5 22. Nxf5 exf5 23. Bxf5 Bxf5 24. Qxf5 Qg5 25. Qd7 Bxe5 26. Rae1 Re6 27. Qxb7 Rae8 28. g3 d4 29. cxd4 Bxd4 30. Rxe6 fxe6 31. Qd7 Rb8 32. Qxd4 1-0

[Event "Late-Titled-Tuesday-Blitz-April-16-2024"]
[Site "Chess.com"]
[Date "2024.04.16"]
[Round "4"]
[White "schachsensei_YT"]
[Black "pooh2012"]
[Result "0-1"]
[WhiteElo "2336"]
[BlackElo "2519"]
[TimeControl "180+1"]
[EndTime "14:36:48 PDT"]
[Termination "pooh2012 won by resignation"]

1. Nf3 Nf6 2. g3 d5 3. Bg2 c6 4. O-O g6 5. d3 Bg7 6. Nbd2 O-O 7.
e4 a5 8. Re1 Na6 9. e5 Ne8 10. c3 c5 11. h4 h5 12. Nf1 Nac7 13.
Be3 b6 14. Qd2 Bf5 15. Rad1 Ne6 16. Bh6 d4 17. Bxg7 N8xg7 18. c4 Rb8 19. a4 Qd7 20. b3 Rbe8 21. N3h2 Kh7 22. Qe2 f6 23. f3 fxe5 24. g4 Nf4 25. Qxe5 Nxd3 26. gxf5 Nxe5 27. Rxe5 Nxf5 28. Re4 e5 29. Rde1 Qd6 30. Nd2 Qf6 31. Nhf1 Nxh4 32. R4e2 Qg5 33. Ne4 Nxf3+ 0-1

[Event "Late-Titled-Tuesday-Blitz-April-16-2024"]
[Site "Chess.com"]
[Date "2024.04.16"]
[Round "4"]
[White "WindWhistler11"]
[Black "BenchGM"]
[Result "1-0"]
[WhiteElo "2501"]
[BlackElo "2311"]
[TimeControl "180+1"]
[EndTime "14:36:48 PDT"]
[Termination "WindWhistler11 won by checkmate"]

1. Nf3 Nf6 2. g3 d5 3. c4 e6 4. Bg2 Be7 5. O-O O-O 6. b3 c5 7.
Bb2 d4 8. e3 Nc6 9. exd4 cxd4 10. Re1 Bc5 11. d3 Nd7 12. a3 a5 13. Nbd2 e5 14. Ne4 Be7 15. Rb1 f5 16. Ned2 Bf6 17. Bc1 Nc5 18. Qc2 e4 19. dxe4 d3 20. Qd1 fxe4 21.
Nxe4 Nxe4 22. Rxe4 Bf5 23. Rf4 Bg6 24. Be3 Ne5 25. Nxe5 Bxe5 26. Bd5+ Kh8 27. Rg4 Bf5 28. Rg5 h6 29. Rxf5 Rxf5 30. Qxd3 Qf6 31. Be4 Rh5 32. Bg6 Rg5 33. Bxg5 Qxg5 34. Be4 Rf8 35. Kg2 Qf6 36. Rf1 Bd4 37. Qe2 b6 38. Bc2 Qc6+ 39. Qe4 Qc5 40. Qh7# 1-0

[Event "Late-Titled-Tuesday-Blitz-April-16-2024"]
[Site "Chess.com"]
[Date "2024.04.16"]
[Round "4"]
[White "jbking07"]
[Black "Aryan_Tamadon"]
[Result "1-0"]
[WhiteElo "2424"]
[BlackElo "2625"]
[TimeControl "180+1"]
[EndTime "14:36:49 PDT"]
[Termination "jbking07 won by resignation"]

1. e4 d5 2. exd5 Qxd5 3. Nc3 Qd6 4. Qe2 Nf6 5. b3 Nc6 6. Nb5 Qd8 7.
Bb2 a6 8. Na3 e5 9. Nc4 Be6 10.
O-O-O Bd6 11. Nf3 O-O 12. Nxd6 cxd6 13. h3 Rc8 14. Kb1 Qa5 15. Rc1 Bf5 16. d3 Nd5 17. Qe1 Ncb4 18. a3 Rc6 19. Nh4 Be6 20. c4 Rfc8 21.
Qd2 Qb6 22. axb4 Nxb4 23. Nf3 a5 24. Bc3 f6 25. Be2 d5 26. Bxb4 axb4 27. Kb2 dxc4 28.
dxc4 Rd6 29. Qe3 Qa5 30. Ra1 Qc7 31. Rhd1 b5 32. Rxd6 Qxd6 33. Qd2 Qc5 34. Rc1 Qxf2 35. cxb5 Rxc1 36. Kxc1 Bxb3 37. Bc4+ Bxc4 38. Qxf2 1-0

[Event "Late-Titled-Tuesday-Blitz-April-16-2024"]
[Site "Chess.com"]
[Date "2024.04.16"]
[Round "4"]
[White "FREZZY23"]
[Black "nassimzrikem"]
[Result "1-0"]
[WhiteElo "2403"]
[BlackElo "2258"]
[TimeControl "180+1"]
[EndTime "14:36:49 PDT"]
[Termination "FREZZY23 won by resignation"]

1. Nf3 Nf6 2. g3 d5 3. Bg2 c5 4. O-O Nc6 5. d4 cxd4 6. Nxd4 e5 7. Nxc6 bxc6 8. c4 Be7 9. Nc3 Be6 10. cxd5 cxd5 11. Qa4+ Qd7 12. Qxd7+ Kxd7 13. Rd1 Kc6 14. Bg5 Bb4 15. Rac1 Bxc3 16. Rxc3+ Kd6 17. Rcd3 e4 18.
Ra3 Ke7 19. Rc1 Kd7 20. Rac3 Rhc8 21. Bf4 Rxc3 22. Rxc3 Rc8 23. Rxc8 Kxc8 24. Be5 Ne8 25. e3 f6 26. Bd4 Kb7 27. Bf1 Nd6 28. b3 Nf5 29. Bc5 Kc6 30. Bxa7 Nd6 31. a4 Kb7 32. Bc5 Nf7 33. b4 Ne5 34. Be2 Nf3+ 35. Kg2 Ne1+ 36.
Kf1 Nf3 37. Bxf3 exf3 38. Ke1 Bf5 39. Kd2 Bd7 40. b5 Bf5 41. Kc3 Be4 42. a5 h5 43.
a6+ Kb8 44. b6 Bf5 45. Bd6+ 1-0

[Event "Late-Titled-Tuesday-Blitz-April-16-2024"]
[Site "Chess.com"]
[Date "2024.04.16"]
[Round "4"]
[White "Manukyan_Artak"]
[Black "Lennis93"]
[Result "0-1"]
[WhiteElo "2503"]
[BlackElo "2751"]
[TimeControl "180+1"]
[EndTime "14:36:58 PDT"]
[Termination "Lennis93 won by resignation"]

1. e4 g6 2. d4 Bg7 3. c4 a6 4. Nc3 d6 5. f4 c6 6. Nf3 Nf6 7.
e5 Nfd7 8. e6 fxe6 9. Ng5 Nf8 10.
Bd3 Bxd4 11. Bxg6+ Nxg6 12. Qxd4 O-O 13. O-O c5 14.
Qe4 Rf6 15. Be3 Nc6 16. h4 Bd7 17. h5 Nf8 18. g4 Qb6 19. b3 Nd4 20. Qd3 Bc6 21.
Nce4 Rh6 22. Bxd4 cxd4 23. Rae1 d5 24. Ng3 dxc4 25. Qxc4 Bb5 26. Qb4 Qd6 27. Qxd6 exd6 28. Rf2 Rc8 29. f5 Rc3 30. Kh2 e5 31. f6 Bd7 32. Nf5 Rxf6 33. Ne7+ Kg7 34. Rxf6 Kxf6 35. Nd5+ Kxg5 36. Nxc3 dxc3 37. Rc1 Kxg4 38. Rxc3 Kxh5 0-1

[Event "Late-Titled-Tuesday-Blitz-April-16-2024"]
[Site "Chess.com"]
[Date "2024.04.16"]
[Round "4"]
[White "Hirna2005"]
[Black "Savagelittlemole"]
[Result "1-0"]
[WhiteElo "2347"]
[BlackElo "2491"]
[TimeControl "180+1"]
[EndTime "14:36:58 PDT"]
[Termination "Hirna2005 won on time"]

1. e4 c5 2. c3 g6 3. d4 cxd4 4. cxd4 Bg7 5. Nc3 d6 6. Nf3 Nf6 7. Bd3 O-O 8. O-O Nc6 9. Be3 Bg4 10. h3 Bxf3 11. Qxf3 Nd7 12. Rfd1 Bxd4 13. Bxd4 Nxd4 14.
Qg3 Ne5 15. Bf1 Nec6 16. Kh2 Qb6 17. Nd5 Qxb2 18. Rab1 Qxa2 19. Rxb7 e6 20. Nf6+ Kg7 21. Nh5+ Kh8 22. Nf6 Qa5 23. Qxd6 Rad8 24. Nd7 Ne5 25. Qxd4 Kg8 26. f4 Nxd7 27. Rxd7 Rxd7 28. Qxd7 Qa2 29. Qd4 a5 30. Bc4 Qc2 31. Rd2 Qc1 32. f5 exf5 33.
exf5 1-0